 Dungeon Crawl Stone Soup version 0.20.0-6-gd3061e9 (webtiles) character file.

406 Iflex the Poker (level 6, -1/70 HPs)
             Began as a Demonspawn Gladiator on May 27, 2017.
             Killed from afar by a river rat (11 damage)
             ... with an exploding inner flame
             ... hexed by the player character
             ... in a sewer on May 28, 2017.
             The game lasted 00:12:47 (3856 turns).

Iflex the Poker (Demonspawn Gladiator)              Turns: 3856, Time: 00:12:48

Health: -1/70      AC: 23    Str: 16    XL:     6   Next: 56%
Magic:  6/6        EV:  2    Int:  9    God:
Gold:   103        SH:  0    Dex: 15    Spells: 5/5 levels left

rFire    . . .     SeeInvis .   a - +1 trident
rCold    . . .     Gourm    .   (no shield)
rNeg     + + +     Faith    .   (armour currently unavailable)
rPois    +         Spirit   .   (helmet currently unavailable)
rElec    .         Reflect  .   (cloak currently unavailable)
rCorr    .         Harm     .   (gloves currently unavailable)
MR       .....     NoTele   +   (boots currently unavailable)
Stlth    +++.......             (no amulet)
Regen    0.3/turn               (no ring)
MPRegen  0.1/turn               (no ring)

@: tree-form, very slightly contaminated, invisible
A: nightstalker 1
a: no special abilities


You were in a sewer.
You were not hungry.
You were a tree.
You visited 1 branch of the dungeon, and saw 4 of its levels.
You also visited: Sewer.

You collected 103 gold pieces.

Inventory:

Hand Weapons
 a - a +1 trident (weapon)
Missiles
 q - 2 javelins (quivered)
Armour
 b - a +0 leather armour (melded)
 c - a +0 helmet (melded)
Scrolls
 o - a scroll of noise
 s - 2 scrolls of amnesia
Comestibles
 d - 2 chunks of flesh
 f - 5 bread rations
 h - a meat ration
 p - 3 fruits
 v - a royal jelly


   Skills:
 + Level 3.0 Fighting
 + Level 4.9 Polearms
 + Level 2.0 Throwing
 + Level 1.6 Armour
 + Level 3.6 Dodging
 + Level 2.3 Stealth


You had 5 spell levels left.
You didn't know any spells.

Dungeon Overview and Level Annotations

Branches:
Dungeon (4/15)
 Temple: D:4-7

Altars:
Gozag
Makhleb
Okawaru
Yredelemnul

Annotations:
Sewer Gorglomux's ghost, amateur TeAE


Innate Abilities, Weirdness & Mutations

((You are partially covered in thin metallic scales. (AC +2)))
You are slightly more attuned to the shadows.


Message History

You hit the river rat.
The river rat is moderately wounded.
The river rat bites you but does no damage.
The rat bites you but does no damage.
Gorglomux's ghost hits you but does no damage.
The river rat bites you.
* * * LOW HITPOINT WARNING * * *
You hit the river rat.
The river rat is heavily wounded.
The river rat bites you but does no damage.
You hit the river rat but do no damage.
The river rat is heavily wounded.
Gorglomux's ghost hits you but does no damage.
The river rat bites you.
* * * LOW HITPOINT WARNING * * *
You catch the helpless river rat completely off-guard!
You puncture the river rat!
The river rat explodes!
The fiery explosion engulfs you!
You die...

#≈.≈≈≈≈# #≈≈≈≈≈≈#
#≈.... #≈≈≈#≈≈#
#≈≈≈≈≈.# #...(.
#≈≈≈÷.≈# #≈≈≈≈≈≈#
#≈.... #≈≈≈≈≈≈#
#≈≈≈≈≈≈# #≈≈≈≈≈
#≈≈≈≈≈≈# #≈≈≈#≈≈#
#≈S≈≈≈ #≈≈≈≈≈≈#
#≈≈≈≈≈≈# #≈≈≈J≈
#≈≈≈≈≈≈# #§≈§≈≈≈#
#≈≈≈≈≈ #≈≈≈≈≈≈#
#§§W§≈≈# #≈≈≈≈≈
##.....# #§♣§r.##
##..(. #......##
##§§§§..# #....S
##......##
##§..§..## ##...r
#.......###.......#
#..r.
##...............##
**,,,
####.........####
**** ####...#### *
#####


You could see Gorglomux's ghost (inner flame) and a rat (inner flame).

Vanquished Creatures
  The ghost of Larmestyx the Sneak, an amateur VSEn (D:3)
  An orc wizard (D:3)
  Jessica (D:2)
  A hound skeleton (D:3)
  A worker ant zombie (D:3)
  A gnoll (D:3)
  8 adders
  3 river rats (Sewer)
  A worm (D:3)
  2 dart slugs
  5 leopard geckos
  8 orcs (D:3)
  6 bats
  A giant cockroach (D:1)
  8 goblins
  8 hobgoblins
  2 quokkas (D:3)
  5 ball pythons
  12 frilled lizards
  10 kobolds
  32 rats
117 creatures vanquished.

Vanquished Creatures (others)
  A ball python (Sewer)
1 creature vanquished.

Grand Total: 118 creatures vanquished

Notes
Turn   | Place    | Note
-------+----------+-------------------------------------------
     0 | D:1      | Iflex the Demonspawn Gladiator began the quest for the Orb.
     0 | D:1      | Reached XP level 1. HP: 16/16 MP: 1/1
   104 | D:1      | Gained mutation: You are partially covered in thin metallic scales. (AC +2) [demonic ancestry]
   104 | D:1      | Reached XP level 2. HP: 22/22 MP: 2/2
   105 | D:1      | Upgraded the game from 0.20.0-4-g10b340a to 0.20.0-6-gd3061e9
   277 | D:1      | Reached skill level 3 in Polearms
   806 | D:2      | Reached XP level 3. HP: 23/27 MP: 3/3
  1131 | D:2      | Noticed Jessica
  1144 | D:2      | Killed Jessica
  1144 | D:2      | Reached XP level 4. HP: 4/34 MP: 4/4
  1420 | D:2      | Reached skill level 1 in Stealth
  1951 | D:3      | Noticed Larmestyx's ghost (amateur VSEn)
  1967 | D:3      | Killed Larmestyx's ghost
  1967 | D:3      | Reached skill level 4 in Polearms
  1967 | D:3      | Reached skill level 1 in Armour
  1967 | D:3      | Reached XP level 5. HP: 28/39 MP: 5/5
  2177 | D:3      | Found an iron altar of Okawaru.
  2374 | D:3      | Found an opulent altar of Gozag.
  2392 | D:3      | Gained mutation: You are slightly more attuned to the shadows. [demonic ancestry]
  2392 | D:3      | Reached XP level 6. HP: 42/46 MP: 6/6
  2838 | D:3      | Found a burning altar of Makhleb.
  2838 | D:3      | Found a basalt altar of Yredelemnul.
  3226 | D:4      | Found a glowing drain.
  3237 | Sewer    | Entered a sewer
  3770 | Sewer    | Noticed Gorglomux's ghost (amateur TeAE)
  3856 | Sewer    | Killed from afar by a river rat

Skill      XL: |  1  2  3  4  5  6 |
---------------+-------------------+-----
Dodging        | 3 |  3.6
Polearms       | 3 4 |  4.9
Throwing       | 2 |  2.0
Stealth        | 1 2 |  2.3
Armour         | 1 |  1.6
Fighting       | 3 |  3.0

Action                   |  1- 3 |  4- 6 || total
-------------------------+-------+-------++-------
Melee: Trident           |   101 |   271 ||   372
Throw: Throwing net      |     3 |     2 ||     5
       Javelin           |       |     5 ||     5
  Use: Potion            |     1 |     7 ||     8
       Scroll            |       |     9 ||     9
 Stab: Sleeping          |     2 |    16 ||    18
       Distracted        |       |     2 ||     2
       Invisible         |       |     1 ||     1
  Eat: Chunk             |     1 |     9 ||    10
Armor: Leather armour    |    29 |    51 ||    80
       Skin              |       |    21 ||    21
Dodge: Dodged            |    60 |   177 ||   237
